 Dungeon Crawl Stone Soup version 0.32-a0-481-g9ce6b883f8 (webtiles) character file.

Game seed: 802334649585475537

5081 GordonOverkill the Skirmisher (level 10, -1/79 HPs)
             Began as a Spriggan Delver on Feb 26, 2024.
             Was an Initiate of Gozag.
             Slain by a centaur warrior (3 damage)
             ... on level 8 of the Dungeon.
             The game lasted 00:20:36 (9732 turns).

GordonOverkill the Skirmisher (Spriggan Delver)     Turns: 9732, Time: 00:20:36

Health: -1/79      AC:  3    Str: 11    XL:     10   Next: 31%
Magic:  15/15      EV: 17    Int: 14    God:    Gozag
Gold:   636        SH:  0    Dex: 19    Spells: 15/15 levels left

rFire   . . .        h - +2 spear of Ash {freeze, rPois Str+3}
rCold   + . .        (no shield)
rNeg    . . .        v - +1 robe {rC+}
rPois   +            (helmet restricted)
rElec   .            (no cloak)
rCorr   .            (gloves unavailable)
SInv    +            (boots unavailable)
Will    +....        (no amulet) Stlth
                     (no ring)
HPRegen 0.33/turn    (no ring)
MPRegen 0.14/turn

%: no passive effects
@: berserking, very quick
A: very small, no large weapons, unfitting armour, see invisible, speed 3
a: Renounce Religion, Potion Petition, Call Merchant, Bribe Branch


You were on level 8 of the Dungeon.
You worshipped Gozag.
Gozag was pleased with you.
You visited 2 branches of the dungeon, and saw 10 of its levels.

You collected 825 gold pieces.
You paid 189 gold pieces to Gozag.

Inventory:

Hand Weapons
 a - a +0 short sword
 h - the +2 spear of Ash (weapon) {freeze, rPois Str+3}
   (You found it on level 6 of the Dungeon)

   Str+3:     It affects your strength (+3).
   rPois:     It protects you from poison
 w - a +2 dagger of speed
 y - a +3 sling of electrocution
Armour
 v - a +1 robe of cold resistance (worn)
Jewellery
 b - a ring of positive energy
Wands
 g - a wand of digging (3)
 j - a wand of roots (15)
 s - a wand of light (1)
Scrolls
 c - a scroll of fog
 d - a scroll of revelation
 l - 2 scrolls of summoning
 p - a scroll of teleportation
 q - 5 scrolls of poison
 r - 2 scrolls of fear
 t - 2 scrolls of amnesia {unknown}
 u - a scroll of torment {unknown}
Potions
 e - a potion of degeneration
 f - 2 potions of haste
 i - 2 potions of heal wounds {unknown}
 k - 2 potions of curing
 m - a potion of enlightenment
 n - 2 potions of resistance {unknown}
 o - a potion of might
 x - 2 potions of mutation


   Skills:
 - Level 6.0 Fighting
 - Level 2.1 Short Blades
 - Level 2.0 Polearms
 + Level 10.9 Ranged Weapons
 - Level 2.6 Dodging
 - Level 7.2 Stealth
 - Level 3.0 Spellcasting
 - Level 3.0 Conjurations
 - Level 5.0 Necromancy
 - Level 3.0 Evocations


You had 15 spell levels left.
You didn't know any spells.
Your spell library contained the following spells:

 Spells                   Type           Power      Damage    Failure   Level
 Fugue of the Fallen      Necr           16%        N/A       9%          3
 Lesser Beckoning         Tloc           4%         N/A       32%         2
 Gell's Gravitas          Tloc           2%         N/A       54%         3
 Ozocubu's Armour         Ice            2%         N/A       54%         3
 Teleport Other           Tloc           2%         N/A       54%         3
 Manifold Assault         Tloc           2%         N/A       91%         4
 Borgnjor's Vile Clutch   Necr/Erth      4%         N/A       91%         5
 Death Channel            Necr           8%         N/A       99%         6
 Animate Dead             Necr           Unusable   N/A       N/A         4

Dungeon Overview and Level Annotations

Branches:
Dungeon (9/15)             Temple (1/1) D:6
   Lair: D:8-11         Orc: D:9-12

Altars:
Ashenzari
Cheibriados
Dithmenos
Elyvilon
Fedhas
Gozag
Hepliaklqana
Nemelex Xobeh
Qazlal
Ru
Trog
Uskayaw
Vehumet
Wu Jian
Yredelemnul
Zin
The Shining One

Shops:
D:4 *   D:5 (   D:8 (


Innate Abilities, Weirdness & Mutations

You are very small and have problems with some larger weapons.
You are too small for most types of armour.
You have supernaturally acute eyesight. (SInv)
You cover ground extremely quickly. (Speed+++)


Message History

The centaur warrior closely misses you. The centaur warrior kicks you.
* * * LOW HITPOINT WARNING * * *
A red film seems to cover your vision as you go berserk!
You feel yourself moving faster!
You feel mighty! The centaur warrior closely misses you.
The centaur warrior kicks you.
* * * LOW HITPOINT WARNING * * *
The centaur warrior misses you.
The centaur warrior kicks you but does no damage.
You hit the centaur warrior. You freeze the centaur warrior.
The centaur warrior is moderately wounded.
The centaur warrior hits you.
* * * LOW HITPOINT WARNING * * *
The centaur warrior kicks you.
* * * LOW HITPOINT WARNING * * *
You barely miss the centaur warrior.
The centaur warrior is moderately wounded.
The centaur warrior closely misses you. The centaur warrior barely misses you.
You puncture the centaur warrior! You freeze the centaur warrior.
The centaur warrior is heavily wounded.
The centaur warrior hits you.
* * * LOW HITPOINT WARNING * * *
The centaur warrior barely misses you.
You barely miss the centaur warrior.
The centaur warrior is heavily wounded.
The centaur warrior hits you!
* * * LOW HITPOINT WARNING * * *
The centaur warrior kicks you.
* * * LOW HITPOINT WARNING * * *
You hit the centaur warrior. You freeze the centaur warrior.
The centaur warrior is severely wounded.
The centaur warrior hits you.
* * * LOW HITPOINT WARNING * * *
The centaur warrior kicks you but does no damage.
You hit the centaur warrior. You freeze the centaur warrior.
The centaur warrior is almost dead.
The centaur warrior hits you!
* * * LOW HITPOINT WARNING * * *
The centaur warrior kicks you.
You die...
Your body crumbles into a pile of gold.

###.....#..#..###...........##...
######........##.................
.##.#.......................##..#
......#.................>.####..#
....#####.......###.......#####.#
....# ###########.###.#...###..
......# #...#...###....<...
......# #.c.#...# ##.......
......# #.@.#...## ##......
......# ##'##....# #......
......# #...#...### #......
......# #...'.)...###......
......# #...#......##......
......# ##'##..............
...##.# #...#...)..........
......# +...##.......##...#
......# #...###......#..###


You could see a centaur warrior.

Vanquished Creatures
  A deep elf pyromancer (D:8)
  Jeremiah (D:6)
  A slime creature (D:8)
  12 yaks
  Eustachio (D:3)
  A steam dragon (D:7)
  2 sky beasts (D:7)
  4 ice beasts
  2 black bears
  An ogre (D:5)
  A kobold brigand (D:7)
  A phantom (D:3)
  4 bullfrogs
  3 wights (D:6)
  3 killer bees (D:7)
  2 bombardier beetles
  2 jellies
  3 hounds
  3 iguanas
  4 orc wizards
  Ijyb (D:4)
  Natasha (thrice) (D:4)
  Robin (D:2)
  10 adders
  A white imp (D:6)
  A ribbon worm (D:3)
  A dart slug (D:1)
  13 orcs
  5 bats
  8 endoplasms
  7 giant cockroaches
  9 goblins
  10 hobgoblins
  9 jackals
  12 kobolds
  2 quokkas (D:3)
  7 ball pythons
  2 frilled lizards
  5 rats
159 creatures vanquished.

Notes
Turn   | Place    | Note
-------+----------+-------------------------------------------
     0 | D:5      | GordonOverkill the Spriggan Delver began the quest for the
                  | Orb.
     0 | D:5      | Reached XP level 1. HP: 11/11 MP: 2/2
    21 | D:6      | Identified the +2 spear of Ash {freeze, rPois Str+3}
    61 | D:6      | Noticed a bombardier beetle
    67 | D:6      | Killed a bombardier beetle
    68 | D:6      | Reached XP level 2. HP: 16/16 MP: 3/6
    68 | D:6      | Reached XP level 3. HP: 20/20 MP: 3/7
    68 | D:6      | Noticed Jeremiah
    77 | D:7      | Noticed a sky beast
    85 | D:7      | Noticed a steam dragon
   175 | D:8      | Found Maimma's Antique Weapon Shop.
   212 | D:8      | Noticed an ice beast
   258 | D:8      | Killed an ice beast
   259 | D:8      | Reached XP level 4. HP: 24/24 MP: 7/9
   285 | D:8      | Noticed a slime creature
   316 | D:7      | Noticed a black bear
   415 | D:7      | Noticed a bullfrog
   751 | D:5      | Reached XP level 5. HP: 28/28 MP: 10/10
   767 | D:5      | Found Xacuheop's Antique Weapon Emporium.
   767 | D:5      | Noticed an ogre
   797 | D:5      | Killed an ogre
  1181 | D:5      | Reached XP level 6. HP: 28/32 MP: 11/11
  1210 | D:5      | Noticed a yak
  1211 | D:5      | Noticed a yak
  1216 | D:5      | Noticed a yak
  1217 | D:5      | Noticed a yak
  1220 | D:5      | Noticed a yak
  1222 | D:5      | Noticed a yak
  1252 | D:4      | Noticed an ice beast
  1256 | D:4      | Found Dount's Assorted Antiques.
  1365 | D:3      | Reached skill level 1 in Polearms
  1637 | D:3      | Found a hide-covered altar of Uskayaw.
  1713 | D:2      | Noticed Robin
  1726 | D:2      | Killed Robin
  2084 | D:2      | Found a glowing silver altar of Zin.
  2936 | D:1      | Reached skill level 1 in Necromancy
  3077 | D:4      | Noticed Natasha
  3097 | D:4      | Killed Natasha
  3237 | D:4      | Reached XP level 7. HP: 35/36 MP: 12/12
  3637 | D:4      | Noticed Natasha
  3973 | D:4      | Killed Natasha
  4358 | D:4      | Noticed Natasha
  4362 | D:4      | Noticed Eustachio
  4387 | D:4      | Killed Natasha
  4623 | D:4      | Noticed Ijyb
  4636 | D:4      | Killed Ijyb
  4710 | D:3      | Reached skill level 5 in Necromancy
  4901 | D:3      | Killed a yak
  4902 | D:3      | Reached skill level 2 in Ranged Weapons
  4902 | D:3      | Reached XP level 8. HP: 27/40 MP: 13/13
  4972 | D:3      | Killed Eustachio
  4973 | D:3      | Reached skill level 3 in Ranged Weapons
  5067 | D:4      | Reached skill level 4 in Ranged Weapons
  5566 | D:5      | Reached skill level 5 in Ranged Weapons
  5593 | D:5      | Reached skill level 6 in Ranged Weapons
  5605 | D:5      | Reached skill level 7 in Ranged Weapons
  5788 | D:6      | Reached XP level 9. HP: 39/44 MP: 14/14
  5947 | D:6      | Killed Jeremiah
  5948 | D:6      | Reached skill level 8 in Ranged Weapons
  6369 | D:6      | Reached skill level 9 in Ranged Weapons
  6606 | D:6      | Found a staircase to the Ecumenical Temple.
  6625 | Temple   | Entered the Ecumenical Temple
  6658 | Temple   | Became a worshipper of Gozag Ym Sagoz the Greedy
  7042 | D:7      | Found a glowing golden altar of the Shining One.
  7042 | D:7      | Found an ornate altar of the Wu Jian Council.
  7043 | D:7      | Found a white marble altar of Elyvilon.
  7063 | D:7      | Found a snail-covered altar of Cheibriados.
  7153 | D:7      | Found a hazy altar of Hepliaklqana.
  7322 | D:7      | Found a broken altar of Ashenzari.
  7424 | D:7      | Reached skill level 10 in Ranged Weapons
  7951 | D:7      | Identified the +0 ring mail "Uleechoi" {Harm Rampage rElec
                  | Str-2}
  8467 | D:8      | Reached skill level 5 in Fighting
  8877 | D:8      | Reached XP level 10. HP: 53/53 MP: 15/15
  9133 | D:8      | Found a basalt altar of Yredelemnul.
  9316 | D:8      | Noticed a deep elf pyromancer
  9712 | D:8      | Killed a deep elf pyromancer
  9721 | D:8      | Noticed a centaur warrior
  9732 | D:8      | HP: 2/79 [centaur warrior (11)]
  9732 | D:8      | Slain by a centaur warrior

Illustrated notes

Levels and vault maps discovered:
D:1:      dpeg_arrival_solitude, layout_basic, hangedman_decor_growths,
          hangedman_abyss_or_decor_stabs
D:2:      layout_loops_ring, basic_altar, chequers_serial_rivers_micro_d,
          st_stairs_10, uniq_robin
D:3:      layout_rooms, mainiacjoe_overflow_alcove_1
D:4:      layout_rooms, serial_shops, shop, uniq_eustachio, uniq_natasha,
          uniq_ijyb
D:5:      layout_loops_cross, hangedman_glass_teeth, nicolae_stop_n_shop_1
D:6:      layout_loops_cross, minmay_temple_entry_junction_2, uniq_jeremiah
D:7:      layout_loops_ring, mainiacjoe_overflow_catch_the_wave,
          nicolae_overflow_quartered_altars
D:8:      layout_cave_pools, mainiacjoe_overflow_tiny_flanked, serial_shops,
          nicolae_shop_statue_plus, minmay_evil_grid
D:9:      layout_stronghold, tgw_kikubaaqudgha, grunt_lair_entry_orc_guard_hut,
          nicolae_shop_i_like_big_books
Temple:   jpeg_temple_island

Skill      XL: |  1  2  3  4  5  6  7  8  9 10 |
---------------+-------------------------------+-----
Fighting       | 3 5 6 |  6.0
Spellcasting   | 2 3 |  3.0
Conjurations   | 2 3 |  3.0
Evocations     | 3 |  3.0
Polearms       | 2 |  2.0
Necromancy     | 2 5 |  5.0
Ranged Weapons | 2 7 10 | 10.9
Short Blades   | |  2.1
Dodging        | |  2.6
Stealth        | |  7.2

Action                     |  1- 3 |  4- 6 |  7- 9 | 10-12 || total
---------------------------+-------+-------+-------+-------++-------
  Melee: Spear             |    19 |   142 |   137 |     6 ||   304
         Dagger            |       |    97 |     2 |       ||    99
   Fire: Sling             |       |       |   303 |    34 ||   337
  Evoke: Wand              |       |       |     2 |     6 ||     8
    Use: Scroll            |       |     5 |     7 |     3 ||    15
         Potion            |       |       |       |     1 ||     1
   Stab: Sleeping          |     1 |    23 |     3 |       ||    27
         Distracted        |     1 |     3 |       |       ||     4
         Invisible         |       |       |     1 |       ||     1
 Armour: Robe              |     1 |    51 |    82 |    19 ||   153
  Dodge: Dodged            |     5 |   134 |   129 |    15 ||   283

Table legend: (Time is in decaauts)
 A = Elapsed time spent in this place.
 B = Non-inter-level travel time spent in this place.
 C = Inter-level travel time spent in this place.
 D = Time resting spent in this place.
 E = Time spent auto-exploring this place.
 F = Levels seen in this place.
 G = Mean time per level.
                   A        B        C        D        E       F      G
               +--------+--------+--------+--------+--------+-----+--------+
         Total |   7566 |   7294 |    272 |   3098 |   2190 |  10 |  756.6 |
       Dungeon |   7525 |   7292 |    233 |   3098 |   2190 |   9 |  836.1 |
        Temple |     41 |      3 |     38 |      0 |      0 |   1 |   41.0 |
               +--------+--------+--------+--------+--------+-----+--------+

Top non-repeatable levels by time:
     D:7: 1996 daAuts
     D:6: 1068 daAuts
     D:2: 1033 daAuts
     D:3: 1030 daAuts
     D:5: 869 daAuts
     D:8: 522 daAuts
     D:4: 487 daAuts
     D:1: 468 daAuts
     D:9: 49 daAuts
  Temple: 41 daAuts
